 Dungeon Crawl Stone Soup version 0.29.0-5-ge4962eb29e (webtiles) character file.

Game seed: 10262803553914517812

254 Persephone the Shooter (level 5, 0/47 HPs)
             Began as a Minotaur Hunter on Aug 29, 2022.
             Was an Initiate of Cheibriados.
             Slain by Crazy Yiuf
             ... wielding a +2 quarterstaff of chaos
              (1 damage)
             ... on level 4 of the Dungeon.
             The game lasted 00:09:32 (3630 turns).

Persephone the Shooter (Minotaur Hunter)            Turns: 3630, Time: 00:09:32

Health: 0/47       AC:  4    Str: 16    XL:     5   Next: 91%
Magic:  4/4        EV: 12    Int:  7    God:    Cheibriados [......]
Gold:   166        SH:  0    Dex: 17    Spells: 4/4 levels left

rFire   . . .      SeeInvis .   a - +0 shortbow
rCold   . . .      Faith    .   (shield currently unavailable)
rNeg    . . .      Spirit   .   c - +0 leather armour
rPois   .          Reflect  .   i - +1 hat
rElec   .          Harm     +   e - scarf {harm}
rCorr   .          Rampage  .   (no gloves)
Will    .....                   (no boots)
Stlth   ++........              (no amulet)
HPRegen 0.15/turn               j - +4 ring of slaying
MPRegen 0.09/turn               (no ring)

@: very slow
A: horns 2, retaliatory headbutt
a: Renounce Religion


You were on level 4 of the Dungeon.
You worshipped Cheibriados.
Cheibriados was noncommittal.
You visited 2 branches of the dungeon, and saw 6 of its levels.

You collected 166 gold pieces.

Inventory:

Hand Weapons
 a - a +0 shortbow (weapon)
Armour
 c - a +0 leather armour (worn)
 e - a scarf of harm (worn)
 i - a +1 hat (worn)
Jewellery
 j - a +4 ring of slaying (left hand)
 m - a +6 ring of strength
Wands
 t - a wand of roots (5)
Scrolls
 b - 2 scrolls of immolation
 d - 4 scrolls of identify {unknown}
 f - 2 scrolls of silence {unknown}
 g - 2 scrolls of magic mapping {unknown}
 l - 2 scrolls of acquirement {unknown}
 o - a scroll of enchant weapon {unknown}
 r - a scroll of butterflies {unknown}
 w - a scroll of amnesia {unknown}
Potions
 h - a potion of attraction {unknown}
 k - a potion of flight {unknown}
 n - a potion of magic {unknown}
 p - 2 potions of lignification {unknown}
 q - a potion of might {unknown}
 s - a potion of mutation {unknown}
 u - a potion of cancellation {unknown}
 v - a potion of curing {unknown}


   Skills:
 + Level 4.7 Fighting
 * Level 6.9 Ranged Weapons
 - Level 2.2 Dodging
 - Level 0.8 Stealth


You had 4 spell levels left.
You didn't know any spells.
Your spell library contained the following spells:

 Spells                   Type           Power      Damage    Failure   Level
 Magic Dart               Conj           0%         1d3       50%         1
 Call Imp                 Summ           0%         N/A       65%         2
 Searing Ray              Conj           0%         2d4       65%         2
 Mephitic Cloud           Conj/Pois/Air  0%         N/A       86%         3
 Fulminant Prism          Conj/Hex       0%         3d6       99%         4


Dungeon Overview and Level Annotations

Branches:
Dungeon (5/15)             Temple (1/1) D:4

Altars:
Ashenzari
Cheibriados
Dithmenos
Elyvilon
Fedhas
Gozag
Kikubaaqudgha
Makhleb
Nemelex Xobeh
Okawaru
Qazlal
Ru
Sif Muna
Trog
Uskayaw
Vehumet
Wu Jian
Xom
Yredelemnul
The Shining One

Annotations:
D:3 2 transporters, Sobieck's ghost, amateur OgBr
D:4 Crazy Yiuf


Innate Abilities, Weirdness & Mutations

You have a pair of horns on your head.
You reflexively headbutt those who attack you in melee.


Message History

You shoot an arrow. The arrow barely misses Crazy Yiuf.
Crazy Yiuf zaps a wand.
The puff of flame hits you!
Fire: a) +0 shortbow
Press: ? - help, Shift-Dir - straight line, f/p - Crazy Yiuf
Aim: Crazy Yiuf, wielding a +2 quarterstaff of chaos, wearing a +0 cloak and carrying a wand of flame (19) (72% to hit)
You shoot an arrow. The arrow hits Crazy Yiuf.
Crazy Yiuf is lightly wounded.
Crazy Yiuf cries, "Orb horse eyeball!"
Crazy Yiuf barely misses you.
Fire: a) +0 shortbow
Press: ? - help, Shift-Dir - straight line, f/p - Crazy Yiuf
Aim: Crazy Yiuf, wielding a +2 quarterstaff of chaos, wearing a +0 cloak and carrying a wand of flame (19) (lightly wounded, 72% to hit)
You shoot an arrow. The arrow hits Crazy Yiuf.
Crazy Yiuf is moderately wounded.
Crazy Yiuf zaps a wand.
The puff of flame hits you!
Fire: a) +0 shortbow
Press: ? - help, Shift-Dir - straight line, f/p - Crazy Yiuf
Aim: Crazy Yiuf, wielding a +2 quarterstaff of chaos, wearing a +0 cloak and carrying a wand of flame (18) (moderately wounded, 72% to hit)
You shoot an arrow. The arrow closely misses Crazy Yiuf.
Crazy Yiuf closely misses you.
Okay, then.
Fire: a) +0 shortbow
Press: ? - help, Shift-Dir - straight line, f/p - Crazy Yiuf
Aim: Crazy Yiuf, wielding a +2 quarterstaff of chaos, wearing a +0 cloak and carrying a wand of flame (18) (moderately wounded, 72% to hit)
You shoot an arrow. The arrow closely misses Crazy Yiuf.
Crazy Yiuf hits you with a +2 quarterstaff of chaos!
* * * LOW HITPOINT WARNING * * *
Crazy Yiuf freezes you.
* * * LOW HITPOINT WARNING * * *
Fire: a) +0 shortbow
Press: ? - help, Shift-Dir - straight line, f/p - Crazy Yiuf
Aim: Crazy Yiuf, wielding a +2 quarterstaff of chaos, wearing a +0 cloak and carrying a wand of flame (18) (moderately wounded, 72% to hit)
You shoot an arrow. The arrow hits Crazy Yiuf!
Crazy Yiuf is almost dead.
Crazy Yiuf zaps a wand.
The puff of flame hits you.
* * * LOW HITPOINT WARNING * * *
Crazy Yiuf hits you with a +2 quarterstaff of chaos.
* * * LOW HITPOINT WARNING * * *
Crazy Yiuf freezes you.
You die...

#...#######.###.##
######.#
#..............#.#
#.....##
#...#.......##..##
#.####.#
##.##.########### #.#
##. #.##.# #.# ##
####.##.# #.# #
........##♣♣ ### #.#
####.##..+P♣♣ ♣♣#..)#
###.#
##.......P♣♣♣♣@g...#
#...##
##.......P..♣..♣#...#
##...## ##
##.......+P.♣.♣♣♣ ###
#..#..# #.
#.......##♣♣♣♣♣
##....# #. #.......#
##.#.# #.
#.......##############
#.#.# #.
##..............##...#
#.#.# #.
##.....#.......##...#
#.#.# #.
#....##...>...##...#
#.#.# #.


You could see Crazy Yiuf.

Vanquished Creatures
  Blork the orc (D:4)
  3 iguanas
  A gnoll (D:1)
  3 adders
  An ufetubus (D:5)
  3 dart slugs
  3 orcs (D:4)
  9 endoplasms
  A giant cockroach (D:2)
  7 goblins
  4 hobgoblins
  5 quokkas
  9 ball pythons
  2 frilled lizards (D:2)
  5 kobolds
  3 rats
60 creatures vanquished.

Vanquished Creatures (others)
  A fungus (D:4)
1 creature vanquished.

Grand Total: 61 creatures vanquished

Notes
Turn   | Place    | Note
-------+----------+-------------------------------------------
     0 | D:1      | Persephone the Minotaur Hunter began the quest for the Orb.
     0 | D:1      | Reached XP level 1. HP: 18/18 MP: 0/0
    72 | D:1      | Reached XP level 2. HP: 5/25 MP: 1/1
   390 | D:1      | Found a faded altar of an unknown god.
   425 | D:1      | Reached skill level 5 in Ranged Weapons
   488 | D:1      | Reached XP level 3. HP: 31/31 MP: 2/2
  1698 | D:3      | Reached XP level 4. HP: 38/38 MP: 3/3
  1812 | D:3      | Found a transporter.
  1838 | D:3      | Found a transporter.
  1901 | D:3      | Found a glowing golden altar of the Shining One.
  2009 | D:3      | Noticed Sobieck's ghost (amateur OgBr)
  2456 | D:4      | Found a staircase to the Ecumenical Temple.
  2467 | Temple   | Entered the Ecumenical Temple
  2712 | Temple   | Became a worshipper of Cheibriados the Contemplative
  2824 | D:4      | Reached skill level 6 in Ranged Weapons
  2850 | D:4      | Found a basalt altar of Yredelemnul.
  3047 | D:4      | Reached XP level 5. HP: 34/46 MP: 4/4
  3179 | D:4      | You fall into a shaft and drop 1 floor!
  3179 | D:5      | Entered Level 5 of the Dungeon
  3393 | D:4      | Noticed Blork the orc
  3397 | D:4      | Killed Blork the orc
  3451 | D:4      | Found an ornate altar of the Wu Jian Council.
  3620 | D:4      | Found a runed translucent door.
  3621 | D:4      | Noticed Crazy Yiuf
  3630 | D:4      | HP: 1/47 [Crazy Yiuf/+2 quarterstaff of chaos (4)]
  3630 | D:4      | Slain by Crazy Yiuf

Illustrated notes

Levels and vault maps discovered:
D:1:      dpeg_arrival_rooms_c, layout_rooms, hellmonk_ecumenical_altar_run_dry
D:2:      layout_basic, chequers_arboretum, st_stairs_11
D:3:      layout_basic, mainiacjoe_overflow_alcove_2, gammafunk_ghost_mausoleum,
          minmay_misc_feat_columns
D:4:      layout_loops_ring, yredelemnul_altar_generic,
          pdpol_wu_jian_five_deadly_venoms, minmay_temple_entry_grid,
          uniq_crazy_yiuf_cottage, uniq_blork_the_orc
D:5:      layout_layer_cave
Temple:   bh_familiar_temple

Skill      XL: |  1  2  3  4 |
---------------+-------------+-----
Fighting       | 3 4 |  4.7
Ranged Weapons | 5 6 |  6.9
Dodging        | |  2.2
Stealth        | |  0.8

Action                   |  1- 3 |  4- 6 || total
-------------------------+-------+-------++-------
Melee: Shortbow          |       |     3 ||     3
       Headbutt          |       |     2 ||     2
 Fire: Shortbow          |    92 |    61 ||   153
Armor: Leather armour    |     4 |     5 ||     9
Dodge: Dodged            |    10 |    12 ||    22
